 Dungeon Crawl Stone Soup version 0.30.0-10-gfe55d96785 (webtiles) character file.

Game seed: 6573999318321566170

742 Tirrikindir the Cudgeller (level 7, -10/44 HPs)
             Began as a Gargoyle Berserker on May 14, 2023.
             Was a Priest of Trog.
             Mangled by a wight
             ... wielding a +6 battleaxe
              (11 damage)
             ... on level 5 of the Dungeon.
             The game lasted 00:09:51 (3438 turns).

Tirrikindir the Cudgeller (Gargoyle Berserker)      Turns: 3438, Time: 00:09:52

Health: -10/44     AC: 17    Str: 20    XL:     7   Next: 76%
Magic:  7/7        EV:  7    Int:  8    God:    Trog [***...]
Gold:   228        SH:  0    Dex: 11    Spells: 6/6 levels left

rFire   . . .        h - +3 dire flail
rCold   . . .        (shield currently unavailable)
rNeg    + . .        b - +0 plate armour
rPois   ∞            (no helmet)
rElec   +            (no cloak)
rCorr   .            (no gloves)
SInv    .            (no boots)
Will    .....        (no amulet) Stlth
                     (no ring)
HPRegen 0.27/turn    (no ring)
MPRegen 0.10/turn

%: random rage (3%)
@: on berserk cooldown, slowed, unable to drink, very slow
A: sickness immunity, AC +4, negative energy resistance 1, electricity
resistance, torment resistance 1, petrification resistance, berserk 1, sense
surroundings 1, inability to drink after injury 1
a: Renounce Religion, Berserk, Trog's Hand


You were on level 5 of the Dungeon.
You worshipped Trog.
Trog was most pleased with you.
You visited 2 branches of the dungeon, and saw 6 of its levels.

You collected 228 gold pieces.

Inventory:

Hand Weapons
 h - a +3 dire flail (weapon)
 n - a +4 whip
Armour
 b - a +0 plate armour (worn)
Wands
 r - a wand of flame (9)
 t - a wand of acid (3)
Scrolls
 d - 6 scrolls of teleportation
 f - a scroll of fear {unknown}
 j - 2 scrolls of magic mapping {unknown}
 k - 2 scrolls of fog
 p - a scroll of silence {unknown}
 q - a scroll of summoning {unknown}
Potions
 a - a potion of flight {unknown}
 c - 4 potions of curing
 e - 2 potions of invisibility
 g - 3 potions of heal wounds
 i - 2 potions of might
 l - a potion of haste {unknown}
 m - a potion of lignification {unknown}
 o - a potion of magic {unknown}
 s - a potion of brilliance {unknown}


   Skills:
 + Level 5.0 Fighting
 * Level 5.9 Maces & Flails
 - Level 5.0 Armour
 - Level 3.0 Dodging
 + Level 1.4 Evocations


You had 6 spell levels left.
You didn't know any spells.
Your spell library was empty.

Dungeon Overview and Level Annotations

Branches:
Dungeon (5/15)             Temple (1/1) D:5

Altars:
Ashenzari
Cheibriados
Hepliaklqana
Kikubaaqudgha
Nemelex Xobeh
Okawaru
Qazlal
Sif Muna
Trog
Uskayaw
Vehumet
Wu Jian
Xom
Yredelemnul
Zin
The Shining One


Innate Abilities, Weirdness & Mutations

You are immune to sickness and miasma.
Your stone body is resilient. (AC +4)
You are immune to poison.
You resist negative energy. (rN+)
You are resistant to electric shocks. (rElec)
You are resistant to unholy torment.
You are immune to petrification.
You sometimes lose your temper in combat.
You passively map a small area around you.
You occasionally lose the ability to drink potions when taking damage.


Message History

You destroy the wight!
Trog accepts your kill.
Your Fighting skill increases to level 5!
Things that are here:
a +1 mace; a +0 robe You feel a strong urge to attack something.
You are no longer berserk.
You are exhausted.
You feel yourself slow down.
Things that are here:
a +0 scimitar; a +0 robe
There is an open door here.
Things that are here:
a +3 dire flail; a +0 robe
Okay, then.
h - a +3 dire flail (weapon)
Things that are here:
a +1 mace; a +0 robe HP restored.
Found a dagger.
A wight comes into view. It is wielding a +6 battleaxe.
You hit the wight.
The wight is lightly damaged.
The wight hits you with a +6 battleaxe! The wight hits you with a +6 battleaxe.
You barely miss the wight.
The wight is lightly damaged.
The wight hits you with a +6 battleaxe.
You closely miss the wight.
The wight is lightly damaged.
The wight hits you with a +6 battleaxe. The wight barely misses you.
You're still recovering from your berserk rage.
The wight hits you with a +6 battleaxe.
You feel threatened and lose the ability to drink potions!
The wight attacks as you move away! The wight hits you with a +6 battleaxe.
The wight hits you with a +6 battleaxe!
* * * LOW HITPOINT WARNING * * *
You closely miss the wight.
The wight is lightly damaged.
The wight hits you with a +6 battleaxe!
You die...

.#.#.............#
...#.........###.##**
..##.........+ ... ,
..##.........# #.#* *
..##.........###.#####.#
..##..))...............#
..####[######.##.#######
.## #.# #.##z# .# #.#
#.##@# .#####.# #)##.#
.......# #.##.# .#######
#..... ## ######


You could see a wight.

Vanquished Creatures
  An ice beast (D:5)
  A centaur (D:3)
  The ghost of hattop the Conjurer, an amateur DECj (D:3)
  3 wights (D:5)
  A howler monkey (D:5)
  An orc priest (D:5)
  Jessica (D:3)
  An iguana (D:5)
  An orc wizard (D:5)
  5 adders
  3 gnolls (D:3)
  A shadow imp (D:5)
  A white imp (D:5)
  An ufetubus (D:4)
  3 dart slugs
  15 orcs
  7 ball pythons
  3 endoplasms
  3 giant cockroaches
  8 hobgoblins
  11 jackals
  7 kobolds
  4 quokkas (D:1)
  4 bats
  6 frilled lizards
  6 goblins
  3 rats
102 creatures vanquished.

Notes
Turn   | Place    | Note
-------+----------+-------------------------------------------
     0 | D:1      | Tirrikindir the Gargoyle Berserker began the quest for the
                  | Orb.
     0 | D:1      | Reached XP level 1. HP: 14/14 MP: 1/1
   102 | D:1      | Reached XP level 2. HP: 19/19 MP: 2/2
   310 | D:1      | Reached XP level 3. HP: 22/23 MP: 3/3
   345 | D:1      | Reached ** piety under Trog
  1075 | D:2      | Reached XP level 4. HP: 26/29 MP: 4/4
  1273 | D:2      | Found a faded altar of an unknown god.
  1671 | D:3      | Noticed Jessica
  1676 | D:3      | Killed Jessica
  1676 | D:3      | Noticed a centaur
  1677 | D:3      | Reached XP level 5. HP: 33/33 MP: 5/5
  1695 | D:3      | Killed a centaur
  1798 | D:3      | Found a runed translucent gate.
  1798 | D:3      | Found a runed translucent gate.
  1798 | D:3      | Found a runed translucent gate.
  1802 | D:3      | Noticed hattop's ghost (amateur DECj)
  1804 | D:3      | Identified the +4 scale mail of the Moon Troll {*Slow
                  | +Blink Will+}
  2124 | D:3      | Killed hattop's ghost
  2125 | D:3      | Reached XP level 6. HP: 38/38 MP: 6/6
  2401 | D:4      | Reached *** piety under Trog
  2986 | D:5      | Entered Level 5 of the Dungeon
  3013 | D:5      | Reached skill level 5 in Maces & Flails
  3067 | D:5      | Reached XP level 7. HP: 44/44 MP: 7/7
  3172 | D:5      | Gained mutation: You occasionally shout uncontrollably at
                  | your foes. [potion of mutation]
  3173 | D:5      | Lost mutation: You occasionally shout uncontrollably at
                  | your foes. [potion of mutation]
  3173 | D:5      | Gained mutation: You occasionally lose the ability to drink
                  | potions when taking damage. [potion of mutation]
  3173 | D:5      | Gained mutation: You sometimes lose your temper in combat.
                  | [potion of mutation]
  3173 | D:5      | Gained mutation: You passively map a small area around you.
                  | [potion of mutation]
  3193 | D:5      | Reached skill level 5 in Armour
  3196 | D:5      | Found a staircase to the Ecumenical Temple.
  3205 | Temple   | Entered the Ecumenical Temple
  3395 | D:5      | Found an ornate altar of the Wu Jian Council.
  3409 | D:5      | Reached skill level 1 in Evocations
  3415 | D:5      | Reached skill level 5 in Fighting
  3437 | D:5      | HP: 1/44 [wight/+6 battleaxe (13)]
  3438 | D:5      | Mangled by a wight

Illustrated notes

Levels and vault maps discovered:
D:1:      minmay_arrival_up_and_down, layout_basic
D:2:      layout_loops_cross, dilly_ecumenical_altar_fadedgnrine
D:3:      layout_loops_ring, biasface_ghost_orc_armoury, hex_tiny,
          grunt_decor_clamped, hangedman_abyss_or_decor_stabs, uniq_jessica
D:4:      layout_loops_ring
D:5:      layout_basic, mainiacjoe_overflow_tiny_flanked,
          minmay_temple_entry_statues_fountains, serial_shops,
          nicolae_shop_competitors_out_of_business, gammafunk_ghost_grave,
          nicolae_titane
Temple:   nicolae_temple_superstar

Skill      XL: |  1  2  3  4  5  6  7 |
---------------+----------------------+-----
Armour         | 3 4 5 |  5.0
Dodging        | 2 3 |  3.0
Maces & Flails | 4 5 |  5.9
Fighting       | 4 5 |  5.0
Evocations     | 1 |  1.4

Action                     |  1- 3 |  4- 6 |  7- 9 || total
---------------------------+-------+-------+-------++-------
  Melee: Mace              |   139 |       |       ||   139
         Punch             |     1 |     4 |       ||     5
         Whip              |     4 |   171 |    34 ||   209
         Dire flail        |       |       |     4 ||     4
 Invoke: Berserk           |     2 |     4 |     2 ||     8
    Use: Scroll            |     6 |     4 |       ||    10
         Potion            |       |       |     2 ||     2
 Armour: Animal skin       |     5 |       |       ||     5
         Plate armour      |    95 |   133 |     6 ||   234
         Ring mail         |     2 |       |       ||     2
  Dodge: Dodged            |    63 |    52 |     5 ||   120
